 Dungeon Crawl Stone Soup version 0.30.1-11-g7821555f0a (webtiles) character file.

Game seed: 9582808475987706474

9 Zonian the Caller (level 2, -1/11 HPs)
             Began as a Felid Summoner on Dec 24, 2023.
             Slain by a rat (2 damage)
             ... on level 1 of the Dungeon.
             The game lasted 00:00:51 (81 turns).

Zonian the Caller (Felid Summoner)                    Turns: 81, Time: 00:00:52

Health: -1/11      AC:  1    Str:  4    XL:     2   Next: 6%
Magic:  5/6        EV: 17    Int: 16    God:
Gold:   0          SH:  0    Dex: 16    Spells: 4/5 levels left
                                        Lives:  0   Deaths: 0

rFire   . . .        (weapon unavailable)
rCold   . . .        (shield unavailable)
rNeg    . . .        (body armour unavailable)
rPois   .            (helmet unavailable)
rElec   .            (cloak unavailable)
rCorr   .            (gloves unavailable)
SInv    +            (boots unavailable)
Will    .....        (no amulet)
Stlth   ++           (no ring)
HPRegen 0.21/turn    (no ring)
MPRegen 0.10/turn

%: no passive effects
@: quick
A: very small, claws 1, fangs 3, see invisible, speed 1, shaggy fur 1, stealthy
paws, no weapons or thrown items, no armour, multi-lived
a: no special abilities


You were on level 1 of the Dungeon.
You visited 1 branch of the dungeon, and saw 1 of its levels.

Inventory:

Potions
 a - a potion of magic


   Skills:
 + Level 3.0 Dodging
 + Level 3.0 Stealth
 + Level 2.1 Spellcasting
 + Level 4.1 Summonings


You had 4 spell levels left.
You knew the following spells:

 Your Spells              Type           Power      Damage    Failure   Level
a - Summon Small Mammal   Summ           56%        N/A       3%          1

Your spell library contained the following spells:

 Spells                   Type           Power      Damage    Failure   Level
 Call Imp                 Summ           28%        N/A       5%          2
 Call Canine Familiar     Summ           14%        N/A       11%         3
 Summon Guardian Golem    Hex/Summ       8%         N/A       26%         3
 Summon Lightning Spire   Summ/Air       8%         N/A       65%         4


Dungeon Overview and Level Annotations

Branches:
Dungeon (1/15)

Altars:


Innate Abilities, Weirdness & Mutations

You have sharp claws.
You have razor-sharp teeth.
You have supernaturally acute eyesight. (SInv)
You cover ground quickly. (Speed+)
You are covered in fur. (AC +1)
Your paws help you pounce on unaware monsters.
You are incapable of wielding weapons or throwing items.
You cannot wear armour.
You gain extra lives every three experience levels.


Message History

Unknown command.
The rat twitches its whiskers.
Unknown command.
You scratch the gnoll but do no damage.
The gnoll is heavily wounded.
The gnoll closely misses you.
Unknown command.
You scratch the gnoll.
The gnoll is heavily wounded.
The gnoll hits you with a +0 club.
* * * LOW HITPOINT WARNING * * *
The rat misses you.
Unknown command.
You scratch the gnoll.
The gnoll is heavily wounded.
The rat barely misses you. The gnoll barely misses you.
Unknown command.
You scratch the gnoll but do no damage. You bite the gnoll.
The gnoll is severely wounded.
The rat completely misses you. The gnoll closely misses you.
Unknown command.
You scratch the gnoll.
You kill the gnoll!
The rat misses you.
Your Dodging skill increases to level 3!
Your Stealth skill increases to level 3!
You have reached level 2!
You scratch the rat but do no damage.
The rat is moderately wounded.
The rat bites you.
* * * LOW HITPOINT WARNING * * *
Unknown command.
You closely miss the rat.
The rat is moderately wounded.
The rat barely misses you.
Unknown command.
You scratch the rat but do no damage. Your bite misses the rat.
The rat is moderately wounded.
The rat bites you.
You die...

###########
###P#P#P#P#P###
#.............#
##........PP.r<# .
#............)@# .#
#.##P#P#P#P#P####.##
###.############......
.......r.............#
##.###................
... ##.....##.#.###..
### #..##.##.# #
#..##.##r#
#..##.#.........


You could see a rat.

Vanquished Creatures
  A gnoll (D:1)
1 creature vanquished.

Notes
Turn   | Place    | Note
-------+----------+-------------------------------------------
     0 | D:1      | Zonian the Felid Summoner began the quest for the Orb.
     0 | D:1      | Reached XP level 1. HP: 7/7 MP: 4/4
    79 | D:1      | Reached XP level 2. HP: 3/11 MP: 4/6
    81 | D:1      | Slain by a rat

Illustrated notes

Levels and vault maps discovered:
D:1:      minmay_arrival_plants_in_alcoves, layout_basic, due_unseen_surprise

Skill      XL: |  1 |
---------------+----+-----
Dodging        | 3 |  3.0
Stealth        | 3 |  3.0
Spellcasting   | |  2.1
Summonings     | |  4.1

Action                     || total
---------------------------++-------
  Melee: Unarmed           ||    17
         Bite              ||     1
   Cast: Summon Small Mamm ||     1
  Dodge: Dodged            ||    15
